 Dungeon Crawl Stone Soup version 0.24.0-13-gcf9b319 (webtiles) character file.

Game seed: 17228055922091291644, levelgen mode: deterministic

4311 Bronimir the Grappler (level 10, 0/94 HPs)
             Began as a Troll Monk on Mar 11, 2020.
             Slain by an adder (4 damage)
             ... on level 8 of the Dungeon.
             The game lasted 00:16:59 (6847 turns).

Bronimir the Grappler (Troll Monk)                  Turns: 6847, Time: 00:16:59

Health: 0/94       AC:  7    Str: 23    XL:     10   Next: 11%
Magic:  9/9        EV: 12    Int:  7    God:
Gold:   404        SH:  2    Dex: 12    Spells: 9/9 levels left

rFire    . . .     SeeInvis .     - Unarmed
rCold    . . .     Gourm    +   (no shield)
rNeg     . . .     Faith    .   a - +0 robe
rPois    .         Spirit   .   (helmet restricted)
rElec    .         Reflect  +   L - +0 cloak
rCorr    .         Harm     .   (gloves unavailable)
MR       .....                  (boots unavailable)
Stlth    +.........             k - +2 amulet of reflection
HPRegen  0.65/turn              (no ring)
MPRegen  0.11/turn              (no ring)

@: lethally poisoned (0 -> -3), slowed, heavily drained, very slow
A: large, unfitting armour, claws 3, fast metabolism 3, gourmand, regeneration
1, shaggy fur 1, tough skin 3
a: no special abilities


You were on level 8 of the Dungeon.
You were full.

You visited 1 branch of the dungeon, and saw 8 of its levels.
You also visited: Sewer.

You collected 404 gold pieces.

Inventory:

Hand Weapons
 b - a +0 giant spiked club
 d - a +0 hunting sling
 m - a +0 spear
 n - a +1 quarterstaff
 p - a +0 hand axe
 y - a +0 shortbow of freezing
 F - a +0 hand crossbow
 K - a +3 quarterstaff of chaos
 M - a +0 mace of holy wrath
 N - a +3 spear
 O - a +0 dire flail
Missiles
 c - 8 poisoned darts (quivered)
 h - 214 arrows
 l - 121 stones
 x - 4 curare-tipped darts
 B - 5 javelins
 G - 18 bolts
Armour
 a - a +0 robe (worn)
 L - a +0 cloak (worn)
Jewellery
 k - a +2 amulet of reflection (around neck)
Wands
 R - a wand of disintegration (13)
Scrolls
 e - 4 scrolls of enchant weapon
 f - a scroll of fog
 i - 5 scrolls of remove curse
 j - a scroll of teleportation
 q - a scroll of identify
 t - a scroll of magic mapping
Potions
 g - a potion of mutation {unknown}
 o - 3 potions of lignification
 s - a potion of invisibility {unknown}
 u - 6 potions of curing
 w - 3 potions of berserk rage
 z - a potion of might {unknown}
 A - 3 potions of flight
 C - 2 potions of brilliance {unknown}
 D - 2 potions of agility
 E - 4 potions of heal wounds
 I - 2 potions of haste {unknown}
Comestibles
 r - 5 chunks of flesh
 P - 13 rations


   Skills:
 * Level 4.8(3.6) Fighting
 * Level 4.7(3.5) Maces & Flails
 * Level 3.4(2.3) Throwing
 * Level 6.7(5.4) Dodging
 - Level 1.0(0.0) Stealth
 + Level 10.0(8.6) Unarmed Combat


You had 9 spell levels left.
You didn't know any spells.
Your spell library was empty.

Dungeon Overview and Level Annotations

Branches:
Dungeon (8/15)             Temple (0/1) D:5           Sewer (visited)
   Lair: D:8-11

Altars:
Dithmenos

Annotations:
D:3 3 runed translucent doors, hollowman's ghost, weakling MfSk


Innate Abilities, Weirdness & Mutations

You are too large for most types of armour.
You have claws for hands.
Your metabolism is lightning-fast.
You like to eat raw meat.
Your natural rate of healing is unusually fast.
You are covered in fur. (AC +1)
You have extremely tough skin. (AC +3)


Message History

A two-headed ogre comes into view.
It is wielding a +0 giant spiked club and a +0 giant club.
The two-headed ogre shouts in stereo!
The adder hisses angrily.
You hear an angry hiss.
You hear a shout!
A kobold comes into view. It is wielding a +0 short sword.
The adder bites you. You block the worker ant's attack. The hornet stings you.
* * * LOW HITPOINT WARNING * * *
You are poisoned.
You feel yourself slow down. The worker ant bites you.
* * * LOW HITPOINT WARNING * * *
You are more poisoned.
The worker ant poisons you! The adder bites you but does no damage.
The hornet stings you!
* * * LOW HITPOINT WARNING * * *
You feel as though you will be slow longer.
* * * LOW HITPOINT WARNING * * *
You feel very sick.
An adder comes into view.
The adder bites you but does no damage. The hornet barely misses you.
The adder bites you.
You die...

.. ..# .. ...# ...
....############...
.S.O..#.......#..#
....K...........##
..........<......###
#.....#@#............
#.Sy#...........[
##..a..^..........
#......†.)........
.....#..#..)÷........
###......(...........
#..####(......(....
#######....).......
#(()(###....?...


You could see a two-headed ogre, a hornet, a worker ant, 2 adders and a kobold.

Vanquished Creatures
  Maurice (D:8)
  A hippogriff (D:8)
  Menkaure (D:7)
  2 orc warriors
  An ice beast (D:8)
  2 sky beasts
  4 ogres
  5 phantoms
  3 centaurs
  5 big kobolds
  5 bullfrogs
  A scorpion (D:4)
  10 wights
  4 crimson imps
  2 howler monkeys
  A bullfrog zombie (D:5)
  2 hounds (D:6)
  5 orc wizards
  2 orc priests
  Crazy Yiuf (D:5)
  Jessica (D:2)
  Ijyb (D:5)
  An iguana (D:7)
  6 worker ants
  4 gnolls (D:6)
  9 adders
  6 river rats (Sewer)
  An adder skeleton (D:5)
  2 worms
  3 dart slugs
  4 leopard geckos
  25 orcs
  9 ball pythons
  5 giant cockroaches
  5 goblins
  6 hobgoblins
  6 jackals
  41 kobolds
  2 quokkas
  12 bats
  9 frilled lizards
  21 rats
237 creatures vanquished.

Notes
Turn   | Place    | Note
-------+----------+-------------------------------------------
     0 | D:1      | Bronimir the Troll Monk began the quest for the Orb.
     0 | D:1      | Reached XP level 1. HP: 22/22 MP: 0/0
   263 | D:1      | Reached XP level 2. HP: 28/29 MP: 1/1
   737 | D:1      | You fall into a shaft and drop 1 floor!
   751 | D:2      | Reached XP level 3. HP: 24/36 MP: 2/2
  1217 | D:2      | Noticed Jessica
  1230 | D:2      | Killed Jessica
  1230 | D:2      | Reached skill level 4 in Unarmed Combat
  1230 | D:2      | Reached XP level 4. HP: 18/45 MP: 3/3
  1775 | D:3      | Noticed hollowman's ghost (weakling MfSk)
  1776 | D:3      | Found a runed translucent gate.
  1777 | D:3      | Found a runed translucent gate.
  1777 | D:3      | Found a runed translucent gate.
  1924 | D:3      | Found a shadowy altar of Dithmenos.
  1941 | D:3      | Noticed an ogre
  1951 | D:3      | Killed an ogre
  1951 | D:3      | Reached skill level 5 in Unarmed Combat
  1951 | D:3      | Reached XP level 5. HP: 53/53 MP: 4/4
  2726 | D:4      | Noticed a phantom
  2749 | D:4      | Killed a phantom
  2749 | D:4      | Reached XP level 6. HP: 30/61 MP: 5/5
  2851 | D:4      | Reached skill level 6 in Unarmed Combat
  3171 | D:4      | Reached XP level 7. HP: 67/67 MP: 6/6
  3223 | D:4      | Reached skill level 7 in Unarmed Combat
  3736 | D:5      | Entered Level 5 of the Dungeon
  3846 | D:5      | Found a glowing drain.
  3883 | D:5      | Reached skill level 8 in Unarmed Combat
  3903 | Sewer    | Entered a sewer
  3942 | Sewer    | Reached XP level 8. HP: 73/75 MP: 7/7
  4421 | D:5      | Noticed Ijyb
  4435 | D:5      | Paralysed by Ijyb for 5 turns
  4449 | D:5      | Paralysed by Ijyb for 5 turns
  4455 | D:5      | Killed Ijyb
  4455 | D:5      | Reached skill level 9 in Unarmed Combat
  4657 | D:5      | Found a staircase to the Ecumenical Temple.
  4733 | D:5      | Found a runed translucent door.
  4734 | D:5      | Noticed Crazy Yiuf
  4742 | D:5      | Killed Crazy Yiuf
  4799 | D:6      | Reached skill level 5 in Dodging
  4830 | D:6      | Reached skill level 1 in Throwing
  5333 | D:6      | Reached XP level 9. HP: 59/84 MP: 8/8
  5364 | D:6      | Reached skill level 1 in Maces & Flails
  5916 | D:7      | Noticed Menkaure
  5923 | D:7      | Killed Menkaure
  6734 | D:8      | Noticed Maurice
  6746 | D:8      | Killed Maurice
  6786 | D:8      | Reached XP level 10. HP: 55/94 MP: 9/9
  6803 | D:8      | Reached skill level 10 in Unarmed Combat
  6841 | D:8      | Noticed a two-headed ogre
  6844 | D:8      | Noticed a two-headed ogre
  6847 | D:8      | HP: 4/94 [poisoned by a worker ant]
  6847 | D:8      | Slain by an adder

Levels and vault maps discovered:
D:1:      psy_arrival_radial02, layout_basic
D:2:      layout_basic, first_ration, uniq_jessica
D:3:      layout_basic, nicolae_dithmenos_shadow_blocks, gammafunk_ghost_split,
          kennysheep_generic_room_3
D:4:      kennysheep_kobold_camp, layout_basic
D:5:      layout_cave_pools, minmay_temple_entry_glassed_door,
          gup_sewer_entry_glass, uniq_ijyb, uniq_crazy_yiuf_cottage
D:6:      layout_basic, serial_glass, glass_columns_a, glass_columns_c
D:7:      layout_basic, uniq_menkaure
D:8:      layout_rooms, special_room [special_room_kobold],
          gammafunk_ghost_hydra_chop, grunt_livestock, uniq_maurice

Skill      XL: |  1  2  3  4  5  6  7  8  9 10 |
---------------+-------------------------------+-----
Fighting       | 3 4 |  4.8
Unarmed Combat | 4 5 6 8 9 10 | 10.0
Dodging        | 3 4 5 6 |  6.7
Throwing       | 1 3 |  3.4
Maces & Flails | 4 |  4.7
Stealth        | |  1.0

Action                   |  1- 3 |  4- 6 |  7- 9 | 10-12 || total
-------------------------+-------+-------+-------+-------++-------
Melee: Unarmed           |    88 |   133 |   365 |    26 ||   612
       Punch             |       |     1 |    15 |     3 ||    19
       Giant spiked club |       |       |   123 |       ||   123
Throw: Large rock        |       |       |    17 |     2 ||    19
       Dart              |       |       |    11 |     3 ||    14
  Use: Scroll            |       |       |    17 |       ||    17
       Potion            |       |       |     2 |       ||     2
 Stab: Sleeping          |     3 |     4 |     1 |       ||     8
       Confused          |       |       |     3 |       ||     3
  Eat: Chunk             |    16 |    18 |    32 |       ||    66
Armor: Robe              |    36 |    54 |   237 |     7 ||   334
       Skin              |       |       |     4 |       ||     4
Dodge: Dodged            |    59 |    81 |   383 |    10 ||   533
Block: Other             |       |     6 |    40 |     3 ||    49
       Reflection        |       |       |     3 |     1 ||     4
